 Dungeon Crawl Stone Soup version 0.17-a0-2144-gd7f430c (webtiles) character file.

65 Arkorax the Skirmisher (level 3, -2/30 HPs)
             Began as a Demonspawn Abyssal Knight on Oct 24, 2015.
             Was a Believer of Lugonu.
             Slain by an adder (4 damage)
             ... on level 2 of the Dungeon.
             The game lasted 00:03:46 (1088 turns).

Arkorax the Skirmisher (Demonspawn Abyssal Knight)  Turns: 1088, Time: 00:03:47

Health: -2/30      AC:  4    Str: 13    XL:     3   Next: 92%
Magic:  6/6        EV: 11    Int: 13    God:    Lugonu [**....]
Gold:   45         SH:  0    Dex: 12    Spells: 0 memorised, 2 levels left

rFire  . . .     SeeInvis .     a - +1 mace
rCold  . . .     Clarity  .     b - +0 leather armour
rNeg   . . .     SustAt   .     (no shield)
rPois  .         Gourm    .     (no helmet)
rElec  .         Spirit   .     (no cloak)
rCorr  .         Warding  .     (no gloves)
rMut   .         Stasis   .     l - +0 pair of boots
MR     .....                    i - amulet of regeneration
Stlth  +.........               (no ring)
                                (no ring)

@: lethally poisoned (-2 -> -3), not resistant to hostile enchantments, very
unstealthy
A: powered by death 1
a: Depart the Abyss, Bend Space, Renounce Religion


You were on level 2 of the Dungeon.
You worshipped Lugonu.
Lugonu was pleased with you.
You were very hungry.

You visited 1 branch of the dungeon, and saw 2 of its levels.
You visited the Abyss 1 time.

You collected 45 gold pieces.

Inventory:

Hand Weapons
 a - a +1 mace (weapon)
 h - a +0 whip
Armour
 b - a +0 leather armour (worn)
 l - a +0 pair of boots (worn)
Jewellery
 i - an amulet of regeneration (around neck)
Scrolls
 f - 3 scrolls of identify {unknown}
 g - a scroll of recharging {unknown}
 j - a scroll of fear {unknown}
 k - a scroll of noise {unknown}
 o - a scroll of amnesia {unknown}
 p - a scroll of remove curse {unknown}
 r - a scroll of magic mapping {unknown}
Potions
 e - a potion of heal wounds {unknown}
 m - a potion of ambrosia {unknown}
 q - a potion of brilliance {unknown}
Comestibles
 c - 2 bread rations
 d - a beef jerky
 n - 2 meat rations


   Skills:
 + Level 4.1 Fighting
 - Level 1.7 Maces & Flails
 - Level 1.7 Armour
 - Level 0.8 Dodging
 * Level 4.1 Invocations


You had 2 spell levels left.
You didn't know any spells.

Dungeon Overview and Level Annotations

Branches:
Dungeon (2/15)

Altars:
Okawaru

Annotations:
D:2 Sigmund


Innate Abilities, Weirdness & Mutations

You regenerate a little health from kills.


Message History

The adder is moderately wounded.
The adder misses you. The adder closely misses you. Something hits you!
You barely miss the adder.
The adder is moderately wounded.
The adder bites you but does no damage. Something hits you.
The adder bites you but does no damage.
You barely miss the adder.
The adder is moderately wounded.
The adder barely misses you. Something hits you. The adder bites you.
You hit the adder.
The adder is severely wounded.
The adder barely misses you.
You barely miss the adder.
The adder is severely wounded.
The adder bites you.
You are poisoned.
The adder poisons you! Something hits you!
* * * LOW HITPOINT WARNING * * *
The adder bites you.
You die...

.# #####.......(..# .#
###...((...# .## #...<)...## ..#
#..((........ #.# ########...####
#.## ##...# #....# #..# ###....#
#..#.# ...###......####..#.##
##......##.#...S@....###
#....##......#####.#...#
..##.####......###.###.# .###.##
###..#.....###.## . .# #..#
#......###......# #. .#
##.###......###)###..# ###hh ##
#..##......##...†...# #....
######..#......#....###.#####.#..
......#........#....# #........#.


You could see an adder.

Vanquished Creatures
  A gnoll (D:2)
  3 giant geckos
  An orc (D:2)
  A giant cockroach (D:1)
  7 goblins
  7 hobgoblins
  10 jackals
  6 kobolds
  4 bats
  A giant newt (D:1)
  6 rats
47 creatures vanquished.

Notes
Turn   | Place    | Note
--------------------------------------------------------------
     0 | Abyss:1  | Arkorax the Demonspawn Abyssal Knight began the quest for the Orb.
     0 | Abyss:1  | Reached XP level 1. HP: 18/18 MP: 2/2
     0 | D:1      | Escaped the Abyss
   208 | D:1      | Reached * piety under Lugonu
   208 | D:1      | Gained mutation: You regenerate a little health from kills. [demonic ancestry]
   208 | D:1      | Reached XP level 2. HP: 24/24 MP: 4/4
   729 | D:2      | Reached XP level 3. HP: 22/30 MP: 5/5
   778 | D:2      | Found an iron altar of Okawaru.
   827 | D:2      | Reached ** piety under Lugonu
   846 | D:2      | Reached skill level 4 in Invocations
  1046 | D:2      | Noticed Sigmund
  1088 | D:2      | Slain by an adder

Vault maps used:
D:1:      dpeg_arrival_three_same_balls
D:2:      okawaru_altar_gauntlet_db, uniq_sigmund

Action                   || total
-------------------------++-------
Melee: Mace              ||   131
       Whip              ||    26
Invok: Depart the Abyss  ||     1
 Stab: Sleeping          ||     1
